 Dungeon Crawl Stone Soup version 0.31-a0-851-g7ff8af7976 (webtiles) character file.

Game seed: 3917132702627431118

64 BinkBink the Shooter (level 3, -4/19 HPs)
             Began as a Spriggan Hunter on Oct 6, 2023.
             Killed from afar by Sigmund (12 damage)
             ... with a magic dart
             ... on level 2 of the Dungeon.
             The game lasted 00:02:12 (1174 turns).

BinkBink the Shooter (Spriggan Hunter)              Turns: 1174, Time: 00:02:13

Health: -4/19      AC:  3    Str:  7    XL:     3   Next: 91%
Magic:  7/7        EV: 18    Int: 10    God:
Gold:   55         SH:  0    Dex: 20    Spells: 6/6 levels left

rFire   . . .        a - +0 shortbow
rCold   . . .        (shield currently unavailable)
rNeg    . . .        c - +0 robe
rPois   .            (helmet restricted)
rElec   .            j - +0 cloak {Stlth+}
rCorr   .            (gloves unavailable)
SInv    +            (boots unavailable)
Will    .....        (no amulet)
Stlth   +++          (no ring)
HPRegen 0.23/turn    (no ring)
MPRegen 0.10/turn

%: no passive effects
@: very quick
A: very small, no large weapons, unfitting armour, see invisible, speed 3
a: no special abilities


You were on level 2 of the Dungeon.
You visited 1 branch of the dungeon, and saw 2 of its levels.

You collected 55 gold pieces.

Inventory:

Hand Weapons
 a - a +0 shortbow (weapon)
 p - a +2 dagger of speed
Armour
 c - a +0 robe (worn)
 j - a +0 cloak of stealth (worn)
Scrolls
 b - a scroll of butterflies
 e - 2 scrolls of immolation {unknown}
 g - 3 scrolls of blinking {unknown}
 h - a scroll of acquirement {unknown}
 i - a scroll of teleportation {unknown}
 l - a scroll of identify {unknown}
 m - a scroll of fear {unknown}
 n - a scroll of amnesia {unknown}
Potions
 d - a potion of curing {unknown}
 f - a potion of magic {unknown}
 k - 2 potions of heal wounds {unknown}
 o - a potion of mutation {unknown}


   Skills:
 + Level 2.4 Fighting
 + Level 4.5 Ranged Weapons
 - Level 2.6 Dodging
 - Level 1.5 Stealth
 + Level 2.2 Spellcasting


You had 6 spell levels left.
You didn't know any spells.
Your spell library contained the following spells:

 Spells                   Type           Power      Damage    Failure   Level
 Ozocubu's Armour         Ice            1%         N/A       67%         3
 Metabolic Englaciation   Hex/Ice        0%         N/A       100%        5
 Simulacrum               Ice/Necr       0%         N/A       100%        6


Dungeon Overview and Level Annotations

Branches:
Dungeon (2/15)

Altars:

Annotations:
D:2 Sigmund


Innate Abilities, Weirdness & Mutations

You are very small and have problems with some larger weapons.
You are too small for most types of armour.
You have supernaturally acute eyesight. (SInv)
You cover ground extremely quickly. (Speed+++)


Message History

Sigmund says, "Don't worry, I'll kill you fast."
Sigmund points at you and mumbles some strange words.
You resist with some effort.
Things that are here:
a +0 sling; a goblin corpse You shoot an arrow.
The arrow barely misses Sigmund.
You shoot an arrow. The arrow hits Sigmund.
Sigmund is heavily wounded.
You start waiting.
Sigmund is nearby!
You shoot an arrow. The arrow hits Sigmund.
Sigmund is severely wounded.
You shoot an arrow. The arrow hits Sigmund.
Sigmund is severely wounded.
Sigmund casts a spell at you. You resist with some effort.
You shoot an arrow. The arrow completely misses Sigmund.
You shoot an arrow. The arrow hits Sigmund.
Sigmund is almost dead.
Things that are here:
a rat skeleton; a bat skeleton Sigmund laughs darkly.
You shoot an arrow. The arrow barely misses Sigmund.
Sigmund gestures wildly while chanting.
Sigmund flickers and vanishes for a moment.
Sigmund gestures at you while chanting.
You are confused.
You bump into the rock wall.
Sigmund casts a spell at you. You resist with some effort.
Sigmund points at you and mumbles some strange words.
The puff of flame hits you!
You feel less confused.
Sigmund points at you and mumbles some strange words.
The magic dart hits you. Sigmund casts a spell at you. The magic dart hits you!
Ouch! That really hurt!
You die...
Sigmund begins carving another notch in his scythe.

###### #....#############
#.##.............################
#.########................. ....#
#.# #.#####.###.....####...#
#.### #.# #@................
#...######.# #.....@...........
###.#......# #......รท..........
...........# ###.#..<...###...#
###.#.###.## #>#.####.#......
#....###.# #.#.# #..#....#
#.#..)...### ##.#.# ##.###...#
#.#.#......# #..#.. ..## ##..#
#.#.##.###.## #..######.###...#


You could see Sigmund (invisible).

Vanquished Creatures
  A gnoll (D:1)
  An adder (D:2)
  A worm (D:2)
  A dart slug (D:1)
  5 endoplasms
  5 goblins
  4 hobgoblins
  4 kobolds
  2 quokkas
  2 ball pythons
  4 bats
  3 frilled lizards
  5 rats
38 creatures vanquished.

Notes
Turn   | Place    | Note
-------+----------+-------------------------------------------
     0 | D:1      | BinkBink the Spriggan Hunter began the quest for the Orb.
     0 | D:1      | Reached XP level 1. HP: 10/10 MP: 2/2
   135 | D:1      | Reached skill level 1 in Spellcasting
   146 | D:1      | Reached XP level 2. HP: 15/15 MP: 4/4
   444 | D:1      | Reached XP level 3. HP: 18/18 MP: 6/6
  1082 | D:2      | Noticed Sigmund
  1174 | D:2      | Killed from afar by Sigmund

Illustrated notes

Levels and vault maps discovered:
D:1:      dpeg_arrival_tiny_a, layout_loops_cross, minmay_unequal
D:2:      layout_loops_ring, minmay_tromino_mix6, uniq_sigmund

Skill      XL: |  1  2  3 |
---------------+----------+-----
Spellcasting   | 1 2 |  2.2
Fighting       | 2 |  2.4
Ranged Weapons | |  4.5
Dodging        | |  2.6
Stealth        | |  1.5

Action                     || total
---------------------------++-------
   Fire: Shortbow          ||   114
 Armour: Robe              ||    13
  Dodge: Dodged            ||    24

Table legend: (Time is in decaauts)
 A = Elapsed time spent in this place.
 B = Non-inter-level travel time spent in this place.
 C = Inter-level travel time spent in this place.
 D = Time resting spent in this place.
 E = Time spent auto-exploring this place.
 F = Levels seen in this place.
 G = Mean time per level.
                   A        B        C        D        E       F      G
               +--------+--------+--------+--------+--------+-----+--------+
         Total |    833 |    825 |      8 |     35 |    563 |   2 |  416.5 |
       Dungeon |    833 |    825 |      8 |     35 |    563 |   2 |  416.5 |
               +--------+--------+--------+--------+--------+-----+--------+

Top non-repeatable levels by time:
     D:1: 510 daAuts
     D:2: 323 daAuts
